 Dungeon Crawl Stone Soup version 0.21.1-1-g345015fe64 (webtiles) character file.

25 Lavandula the Digger (level 3, -1/24 HPs)
             Began as a Barachi Earth Elementalist on June 28, 2018.
             Slain by a water moccasin skeleton (4 damage)
             ... on level 4 of the Dungeon.
             The game lasted 00:03:20 (547 turns).

Lavandula the Digger (Barachi Earth Elementalist)    Turns: 547, Time: 00:03:21

Health: -1/24      AC:  2    Str:  9    XL:     3   Next: 4%
Magic:  1/6        EV: 12    Int: 16    God:
Gold:   66         SH:  0    Dex: 12    Spells: 5/6 levels left

rFire    . . .     SeeInvis .   (no weapon)
rCold    . . .     Gourm    .   (no shield)
rNeg     . . .     Faith    .   c - +0 robe
rPois    .         Spirit   .   (no helmet)
rElec    .         Reflect  .   (no cloak)
rCorr    .         Harm     .   (no gloves)
MR       .....                  (no boots)
Stlth    ++........             (no amulet)
HPRegen  0.08/turn              (no ring)
MPRegen  0.10/turn              (no ring)

@: slow
A: +LOS, swims, slowness 1, strong legs 1
a: Hop


You were on level 4 of the Dungeon.
You were not hungry.

You visited 1 branch of the dungeon, and saw 4 of its levels.

You collected 66 gold pieces.

Inventory:

Missiles
 b - 58 stones (quivered)
Armour
 c - a +0 robe (worn)
Scrolls
 f - a scroll of immolation {unknown}
 g - 2 scrolls of remove curse {unknown}
 h - 3 scrolls of teleportation {unknown}
 i - a scroll of magic mapping {unknown}
Potions
 a - 2 potions of invisibility {unknown}
Books
 e - a book of Geomancy

   Spells                             Type                      Level
   a - Sandblast                      Earth                        1
   b - Passwall                       Transmutation/Earth          2
   c - Stone Arrow                    Conjuration/Earth            3
   d - Petrify                        Transmutation/Earth          4
   e - Lee's Rapid Deconstruction     Earth                        5
Comestibles
 d - 2 rations


   Skills:
 - Level 2.1 Dodging
 - Level 1.7 Stealth
 - Level 2.1 Spellcasting
   Level 1.1 Transmutations
 + Level 4.1 Earth Magic


You had 5 spell levels left.
You knew the following spells:

 Your Spells              Type           Power        Failure   Level  Hunger
a - Sandblast             Erth           ###...       3%          1    #......


Dungeon Overview and Level Annotations

Branches:
Dungeon (4/15)
 Temple: D:4-7

Altars:

Annotations:
D:3 Purgy


Innate Abilities, Weirdness & Mutations

Shadows flee at your approach. (+LOS)
You can swim through water.
You cover ground slowly.
You can hop short distances.


Message History

b - 60 stones The water moccasin skeleton closely misses you.
Casting: Sandblast
Confirm with . or Enter, or press ? or * to list all spells.
Aiming: Sandblast
Press: ? - help, Shift-Dir - straight line, f/p - water moccasin skeleton
Aim: a water moccasin skeleton (heavily damaged)
The blast of sand misses the water moccasin skeleton.
b - 59 stones The water moccasin skeleton bites you!
* * * LOW HITPOINT WARNING * * *
Casting: Sandblast
Confirm with . or Enter, or press ? or * to list all spells.
Aiming: Sandblast
Press: ? - help, Shift-Dir - straight line, f/p - water moccasin skeleton
Aim: a water moccasin skeleton (heavily damaged)
The blast of sand misses the water moccasin skeleton.
b - 58 stones The water moccasin skeleton bites you.
You die...

### .#<# .#.#
##########.#.#
#..........#.#
#..........#.#
#....."....#.#########
#........[.#.........#
#....Z@....#########.#
#.........## #.#
######.#'##### #.#
#.#.....# #.#
#.#.###.# #.# #.#.#
#.# #.# #.#.#
#.#######.# #.#.#
#.........# #.#.#
###########


You could see a water moccasin skeleton.

Vanquished Creatures
  6 bats
  4 goblins
  3 hobgoblins
  3 jackals
  A quokka (D:3)
  3 kobolds
  2 rats (D:1)
22 creatures vanquished.

Vanquished Creatures (others)
  4 toadstools (D:2)
4 creatures vanquished.

Grand Total: 26 creatures vanquished

Notes
Turn   | Place    | Note
-------+----------+-------------------------------------------
     0 | D:1      | Lavandula the Barachi Earth Elementalist began the quest for the Orb.
     0 | D:1      | Reached XP level 1. HP: 13/13 MP: 3/3
   169 | D:1      | Reached XP level 2. HP: 19/19 MP: 3/5
   441 | D:3      | Noticed Purgy
   445 | D:3      | Reached skill level 4 in Earth Magic
   485 | D:4      | Reached XP level 3. HP: 4/24 MP: 3/6
   547 | D:4      | Slain by a water moccasin skeleton

Skill      XL: |  1  2 |
---------------+-------+-----
Earth Magic    | 4 |  4.1
Dodging        | |  2.1
Stealth        | |  1.7
Spellcasting   | |  2.1
Transmutations | |  1.1

Action                   || total
-------------------------++-------
Melee: Unarmed           ||    12
 Cast: Sandblast         ||    35
 Abil: Hop               ||     1
Armor: Robe              ||    21
Dodge: Dodged            ||    57
